 Dungeon Crawl Stone Soup version 0.30-a0-169-g06f667207d (webtiles) character file.

Game seed: 2079322718468591635

521 qw the Chopper (level 7, -3/43 HPs)
             Began as a Gargoyle Fighter on Sept 29, 2022.
             Slain by a wyvern (11 damage)
             ... on level 4 of the Dungeon.
             The game lasted 00:01:20 (3245 turns).

qw the Chopper (Gargoyle Fighter)                   Turns: 3245, Time: 00:01:21

Health: -3/43      AC: 11    Str: 28    XL:     7   Next: 21%
Magic:  0/7        EV: 10    Int:  8    God:
Gold:   196        SH:  4    Dex:  9    Spells: 6/6 levels left

rFire   . . .      SeeInvis .    Y - +0 war axe
rCold   . . .      Faith    .    c - +0 buckler
rNeg    + . .      Spirit   +    b - +0 scale mail
rPois   inf        Reflect  .    (no helmet)
rElec   +          Harm     .    (no cloak)
rCorr   .          Rampage  .    (no gloves)
Will    .....                    (no boots)
Stlth   ..........               j - amulet of guardian spirit
HPRegen 0.14/turn                h - +6 ring of strength
MPRegen 0.10/turn                (no ring)

@: no status effects
A: sickness immunity, AC +4, negative energy resistance 1, electricity
resistance, torment resistance 1, petrification resistance
a: no special abilities


You were on level 4 of the Dungeon.
You visited 1 branch of the dungeon, and saw 4 of its levels.

You collected 196 gold pieces.


Innate Abilities, Weirdness & Mutations

You are immune to sickness and miasma.
Your stone body is resilient. (AC +4)
You are immune to poison.
You resist negative energy. (rN+)
You are resistant to electric shocks. (rElec)
You are resistant to unholy torment.
You are immune to petrification.


   Skills:
 - Level 4.2 Fighting
 + Level 6.1 Axes
 - Level 3.2 Armour
 - Level 2.0 Dodging
 - Level 3.2 Shields


You had 6 spell levels left.
You didn't know any spells.
Your spell library was empty.

Inventory:

Hand Weapons
 p - a +0 morningstar
 Y - a +0 war axe (weapon)
Armour
 b - a +0 scale mail (worn)
 c - a +0 buckler (worn)
Jewellery
 h - a +6 ring of strength (left hand)
 j - an amulet of guardian spirit (around neck)
 m - a ring of fire
Scrolls
 a - a scroll of identify
Potions
 d - a potion of might
 g - a potion of heal wounds {unknown}
 i - a potion of flight {unknown}
 k - a potion of degeneration {unknown}
 l - a potion of attraction
 n - a potion of mutation {unknown}
 q - a potion of resistance {unknown}

Dungeon Overview and Level Annotations

Branches:
Dungeon (4/15)
 Temple: D:4-7

Altars:
Fedhas
Qazlal
Ru


Message History

Something hits you. Something burns you.
You closely miss something. Something hits you. Something burns you.
You hit something. Something hits you. Something burns you.
You closely miss something. Something hits you but does no damage.
You hit something.
Reactivating autopickup.
You feel a bit more experienced.
Your Axes skill increases to level 6!
You have reached level 7!
You start resting.
You hear the slow hiss of a very distant avalanche of sand.
Magic restored.
You start resting.
You hear a distant slurping noise.
You hear the slow hiss of a very distant avalanche of sand.
A wyvern comes into view.
The wyvern hisses angrily.
The wyvern bites you!
You closely miss the wyvern. The wyvern bites you!
The wyvern barely misses you.
You closely miss the wyvern.
The wyvern bites you but does no damage. x2
You hit the wyvern.
The wyvern is lightly wounded.
You hear the hiss of a very distant avalanche of sand.
You block the wyvern's attack.
The wyvern bites you but does no damage.
You closely miss the wyvern.
The wyvern is lightly wounded.
The wyvern closely misses you.
You hit the wyvern.
The wyvern is moderately wounded.
The wyvern hisses menacingly.
The wyvern closely misses you. The wyvern bites you!
You closely miss the wyvern.
The wyvern is moderately wounded.
The wyvern bites you! x2
You die...

. .. ### ... ###. #
.... #...###### .#
..... #.##.....##.$.
......#<#........!..
......%)............
.....#..............
.......#...l@)......
.....#..............
...#####.<..........
.# #............
#....!.......
#.#..........
#.###...##### #.
..###


You could see a wyvern.

Vanquished Creatures
  Sigmund (D:4)
  An ogre (D:4)
  A scorpion (D:3)
  Jessica (D:3)
  4 gnolls (D:3)
  6 adders
  An ufetubus (D:3)
  A worm (D:2)
  A dart slug (D:3)
  6 endoplasms
  5 giant cockroaches
  5 goblins
  5 hobgoblins
  10 jackals
  4 quokkas
  7 ball pythons
  8 bats
  2 frilled lizards (D:2)
  10 kobolds
  3 rats
82 creatures vanquished.

Vanquished Creatures (others)
  4 toadstools (D:4)
4 creatures vanquished.

Grand Total: 86 creatures vanquished

Notes
Turn   | Place    | Note
-------+----------+-------------------------------------------
     0 | D:1      | qw the Gargoyle Fighter began the quest for the Orb.
     0 | D:1      | Reached XP level 1. HP: 14/14 MP: 1/1
     0 | D:1      | 0 ||| qw: Version: 0.2-a-12-gaebbb33
     0 | D:1      | 0 ||| qw: Game counter: 1314
     0 | D:1      | 0 ||| qw: Always use a shield: true
     0 | D:1      | 0 ||| qw: God list: Okawaru
     0 | D:1      | 0 ||| qw: Allow faded altars: false
     0 | D:1      | 0 ||| qw: Do Orc after D:15 true
     0 | D:1      | 0 ||| qw: Do second Lair branch before Depths: true
     0 | D:1      | 0 ||| qw: Lair rune preference: random
     0 | D:1      | 0 ||| qw: Plans: Normal, Zot:1-4, God:TSO, Crypt, Tomb,
                  | Pan, Slime:5, Hells, Abyss, Orb
     0 | D:1      | 0 ||| PLANNING D:1-11
    28 | D:1      | Reached skill level 2 in Axes
    75 | D:1      | 75 ||| Stepping ~*~*~tactically~*~*~ (stealth).
   247 | D:1      | Reached XP level 2. HP: 19/19 MP: 2/2
   400 | D:1      | 400 ||| Stepping ~*~*~tactically~*~*~ (stealth).
   854 | D:1      | Reached skill level 3 in Axes
   901 | D:1      | Reached XP level 3. HP: 22/23 MP: 3/3
   983 | D:1      | 983 ||| Stepping ~*~*~tactically~*~*~ (stealth).
  1106 | D:1      | Found a faded altar of an unknown god.
  1107 | D:1      | 1107 ||| UPGRADING to amulet of guardian spirit.
  1112 | D:1      | 1112 ||| UPGRADING to +6 ring of strength.
  1113 | D:1      | 1113 ||| READING 2 scrolls labelled RUBBIE RYNKEU.
  1114 | D:1      | 1114 ||| READING scroll labelled LASORU PEDDU.
  1118 | D:1      | 1118 ||| DRINKING 2 coppery potions.
  1319 | D:2      | 1319 ||| Stepping ~*~*~tactically~*~*~ (stealth).
  1358 | D:2      | Reached XP level 4. HP: 27/28 MP: 4/4
  1492 | D:2      | 1492 ||| Stepping ~*~*~tactically~*~*~ (stealth).
  1599 | D:2      | Reached skill level 4 in Axes
  2117 | D:2      | 2117 ||| READING scroll labelled SOSSOX EWES.
  2118 | D:2      | 2118 ||| READING scroll labelled YZIR OHORISUCS.
  2134 | D:3      | 2134 ||| Stepping ~*~*~tactically~*~*~ (stealth).
  2167 | D:3      | 2167 ||| Stepping ~*~*~tactically~*~*~ (stealth).
  2171 | D:3      | 2171 ||| Stepping ~*~*~tactically~*~*~ (stealth).
  2172 | D:3      | 2172 ||| Stepping ~*~*~tactically~*~*~ (stealth).
  2173 | D:3      | 2173 ||| Stepping ~*~*~tactically~*~*~ (stealth).
  2174 | D:3      | 2174 ||| Stepping ~*~*~tactically~*~*~ (stealth).
  2175 | D:3      | 2175 ||| Stepping ~*~*~tactically~*~*~ (stealth).
  2229 | D:3      | Found a sacrificial altar of Ru.
  2245 | D:3      | 2245 ||| Stepping ~*~*~tactically~*~*~ (stealth).
  2316 | D:3      | Found a stormy altar of Qazlal.
  2332 | D:3      | 2332 ||| DROPPING +0 mace.
  2390 | D:3      | 2390 ||| Stepping ~*~*~tactically~*~*~ (stealth).
  2392 | D:3      | 2392 ||| Stepping ~*~*~tactically~*~*~ (stealth).
  2393 | D:3      | 2393 ||| Stepping ~*~*~tactically~*~*~ (stealth).
  2402 | D:3      | Reached XP level 5. HP: 27/32 MP: 5/5
  2410 | D:3      | 2410 ||| FLEEEEING.
  2411 | D:3      | 2411 ||| FLEEEEING.
  2412 | D:3      | 2412 ||| FLEEEEING.
  2416 | D:3      | 2416 ||| Stepping ~*~*~tactically~*~*~ (stealth).
  2419 | D:3      | 2419 ||| Stepping ~*~*~tactically~*~*~ (hiding).
  2615 | D:3      | Noticed Jessica
  2630 | D:3      | Killed Jessica
  2631 | D:3      | Reached skill level 5 in Axes
  2642 | D:3      | 2642 ||| Stepping ~*~*~tactically~*~*~ (stealth).
  2765 | D:3      | Found a blossoming altar of Fedhas.
  2776 | D:3      | Noticed an oklob plant
  2900 | D:3      | 2900 ||| READING scroll labelled DAYJEO MIUGISCH.
  2901 | D:3      | 2901 ||| READING scroll labelled CAYSAN PUECHEGG.
  2902 | D:3      | 2902 ||| DRINKING 2 green potions.
  2918 | D:4      | 2918 ||| PLANNING OSSUARY
  2919 | D:4      | 2919 ||| STAIRDANCE
  2925 | D:4      | 2925 ||| STAIRDANCE
  3003 | D:4      | Noticed an ogre
  3004 | D:4      | 3004 ||| STAIRDANCE
  3022 | D:4      | 3022 ||| STAIRDANCE
  3027 | D:3      | Reached XP level 6. HP: 28/37 MP: 3/6
  3102 | D:4      | Noticed Sigmund
  3105 | D:4      | 3105 ||| DRINKING potion of curing.
  3105 | D:4      | 3105 ||| (to cure confusion)
  3115 | D:4      | Killed Sigmund
  3116 | D:4      | Reached skill level 6 in Axes
  3116 | D:4      | Reached XP level 7. HP: 21/43 MP: 3/7
  3235 | D:4      | Noticed a wyvern
  3245 | D:4      | HP: 8/43 [wyvern (10)]
  3245 | D:4      | Slain by a wyvern

Levels and vault maps discovered:
D:1:      ebering_trefoil_3fold, layout_loops_cross,
          shapermc_ecumenical_altar_mp_vishouse
D:2:      layout_basic, minmay_pentomino_o2
D:3:      layout_rooms, nicolae_overflow_crystal_walls, tgw_fedhas,
          mainiacjoe_overflow_brackets, amcnicky_mini_rare_corridor_liquid,
          uniq_jessica
D:4:      layout_rooms, yredelemnul_forgotten_temple_becter,
          nicolae_ossuary_entry_false_entrances, minmay_gold_behind_fungi,
          minmay_manual_monolith, uniq_sigmund

Skill      XL: |  1  2  3  4  5  6 |
---------------+-------------------+-----
Axes           | 2 3 4 5 6 |  6.1
Dodging        | 2 |  2.0
Fighting       | 4 |  4.2
Armour         | |  3.2
Shields        | |  3.2

Action                   |  1- 3 |  4- 6 |  7- 9 || total
-------------------------+-------+-------+-------++-------
Melee: War axe           |   114 |   148 |     6 ||   268
  Use: Scroll            |     2 |     4 |       ||     6
       Potion            |     1 |     2 |       ||     3
Armor: Scale mail        |    78 |    86 |     3 ||   167
Dodge: Dodged            |    48 |    82 |     3 ||   133
Block: Buckler           |    24 |    35 |     1 ||    60

Table legend:
 A = Non-vault XP
 B = Vault XP
 C = Vault XP percentage of total XP
 D = Non-vault monster count
 E = Vault monster count
 F = Vault count percentage of total count
                 A         B        C        D         E       F
            +---------+---------+-------+---------+---------+-------
      Total |     251 |     494 |  66.3 |      77 |       5 |   6.1
            +---------+---------+-------+---------+---------+-------
        D:1 |      41 |       0 |   0.0 |      24 |       0 |   0.0
        D:2 |      77 |      13 |  14.4 |      23 |       1 |   4.2
        D:3 |     118 |     120 |  50.4 |      28 |       2 |   6.7
        D:4 |      15 |     361 |  96.0 |       2 |       2 |  50.0
            +---------+---------+-------+---------+---------+-------
